 Dungeon Sprint DCSS version 0.17-a0-1685-g57e755e (webtiles) character file.

49525 Kidiri the Imperceptible (level 13, -15/49 HPs)
             Began as a Spriggan Enchanter on Aug 19, 2015.
             Was the Champion of Dithmenos.
             Shot with a bolt by a yaktaur captain (20 damage)
             ... in the Dungeon (Sprint III: "The Ten Rune Challenge").
             The game lasted 00:19:46 (3893 turns).

Kidiri the Imperceptible (Spriggan Enchanter)       Turns: 3893, Time: 00:19:46

Health: -15/49     AC:  4    Str:  4    XL:     13   Next: 53%
Magic:  34/35      EV: 37    Int: 20    God:    Dithmenos [******]
Gold:   51         SH:  0    Dex: 20    Spells: 9 memorised, 3 levels left

rFire  + . .     SeeInvis +     x - +3 rapier (venom)
rCold  . . .     Clarity  +     b - +1 robe
rNeg   . . .     SustAt   .     (shield restricted)
rPois  .         Gourm    .     v - +1 hat {MR+}
rElec  .         Spirit   .     (no cloak)
rCorr  .         Warding  .     (gloves unavailable)
rMut   .         NoTele   +     (boots unavailable)
MR     +++..                    (no amulet)
Stlth  ++++++++++               (no ring)
                                m - ring of protection from fire

@: very slightly contaminated, wreathed by umbra, invisible, very quick,
extremely resistant to hostile enchantments, uncannily stealthy
A: unfitting armour, fangs 1, talons 1, see invisible, agile 1, clarity,
deterioration 1, herbivore 3, speed 3, frail 1, slow metabolism 2
a: Shadow Step, Shadow Form, Renounce Religion
}: 1/10 runes: barnacled


You were in the Dungeon.
You worshipped Dithmenos.
Dithmenos was exalted by your worship.
You were not hungry.

You visited 1 branch You collected 51 gold pieces.

Inventory:

Hand weapons
 x - a +3 rapier of venom (weapon)
Armour
 b - a +1 robe (worn)
 v - a +1 hat of magic resistance (worn)
Jewellery
 m - a ring of protection from fire (left hand)
Magical devices
 f - a wand of polymorph (14)
Scrolls
 l - a scroll of torment
 p - a scroll of holy word
 q - a scroll of remove curse
Potions
 e - a potion of curing
 g - a potion of haste
 h - a potion of magic
 i - 2 potions of berserk rage
 k - a potion of might
 n - 2 potions of brilliance
 o - 4 potions of flight
 r - 3 potions of cure mutation
 s - a potion of resistance {unknown}
 t - a potion of cancellation {unknown}
 u - a potion of invisibility
Books
 w - the Grimoire of Companions and Conjuration
   (You found it in the Dungeon)

   Spells                             Type                      Level
   a - Searing Ray                    Conjuration                  2
   b - Call Imp                       Summoning                    2
   c - Summon Guardian Golem          Hexes/Summoning              3
   d - Call Canine Familiar           Summoning                    3
   e - Bolt of Draining               Conjuration/Necromancy       5
Comestibles
 c - 27 royal jellies
 d - a bread ration
 j - 9 fruits


   Skills:
 + Level 11.9 Short Blades
 * Level 20.1 Dodging
 * Level 21.8 Stealth
 * Level 17.4 Spellcasting
 + Level 8.1 Conjurations
 + Level 13.3 Hexes
 + Level 9.1 Ice Magic
 + Level 8.7 Air Magic
 + Level 7.0 Earth Magic
 + Level 9.8 Poison Magic
 - Level 5.5 Invocations


You had 3 spell levels left.
You knew the following spells:

 Your Spells              Type           Power        Failure   Level  Hunger
a - Corona                Hex            ######.      0%          1    None
b - Ensorcelled Hibernat  Hex/Ice        ######       1%          2    None
c - Confuse               Hex            ######..     1%          3    None
d - Tukima's Dance        Hex            ######..     1%          3    None
e - Dazzling Spray        Conj/Hex       ######..     1%          3    None
f - Poison Arrow          Conj/Pois      ######....   14%         6    #####..
g - Chain Lightning       Conj/Air       ######....   100%        8    #######
h - Lehudib's Crystal Sp  Conj/Erth      #####.....   100%        8    #######
i - Glaciate              Conj/Ice       ######....   100%        9    #######


Dungeon Overview and Level Annotations

Branches:
Dungeon (1/1)

Altars:
Cheibriados
Dithmenos
Elyvilon
Fedhas
Gozag
Kikubaaqudgha
Makhleb
Nemelex Xobeh
Okawaru
Qazlal
Ru
Sif Muna
Trog
Vehumet
Xom
Yredelemnul
Zin
The Shining One
Jiyva
Lugonu

Shops:
D !(:?(}


Innate Abilities, Weirdness & Mutations

You are tiny and cannot use many weapons and most armour.
You have supernaturally acute eyesight.
You are a herbivore.
You cover ground extremely quickly.
You need consume almost no food.
You have very sharp teeth.
You have sharp toenails.
You are agile. (Dex +2)
You possess an exceptional clarity of mind.
Your body sometimes deteriorates upon taking damage.
You are frail (-10% HP).


Message History

Your Earth Magic skill increases to level 7!
The yaktaur captain shouts!
The yaktaur captain shoots a bolt.
The bolt hits you!!!
Ouch! That really hurt!
* * * LOW HITPOINT WARNING * * *
You emit a cloud of dark smoke.
You suddenly lose the ability to move!
You can move again.
You are too injured to fight recklessly!
Unknown command.
Drink which item? (? for menu, Esc to quit)
You fade into invisibility!
You are very lightly contaminated with residual magic.
Unknown command.
The yaktaur captain hits the bush but does no damage.
The yaktaur captain wields an arbalest of chaos.
It is briefly surrounded by a scintillating aura of random colours.
The yaktaur captain shoots a bolt.
There is an open door here.
The yaktaur captain shoots a bolt.
The bolt hits you!!
You die...

# §§ ################+#
§§ #|..#...#[.#..... #
#...#...#..#..PPP.#
##+###+##..#..PcP.#
###.......'.@'..PPP.#
##.#.#####.####..§§..#
####..'.#)..+.#.%#§.§§§.#
...'..#######.+..#.§§§..#
#######.. ..#.####§§§...#
#..#..#.#..#.§§J..#
#.#)#.#.+..#(.....#
#....)#.#..#..S...#
#)....#.#..#......#


You could see a yaktaur captain.

Vanquished Creatures
  Rupert (D)
  A kraken (D)
  Gastronok (D)
  Dowan (D)
  Maud (D)
  2 dire elephants (D)
  Josephine (D)
  A fire dragon (D)
  2 centaur warriors (D)
  2 hydras (D)
  3 alligator snapping turtles (D)
  4 dancing weapons (D)
  4 death yaks (D)
  An unseen horror (D)
  A swamp dragon (shapeshifter) (D)
  A spriggan druid (D)
  3 death drakes (D)
  A lindwurm (D)
  3 ugly things (D)
  2 black mambas (D)
  2 elephants (D)
  2 spiny frogs (D)
  Duvessa (D)
  A komodo dragon (D)
  A fire drake (D)
  A deep elf priest (D)
  3 wandering mushrooms (D)
  4 spriggan defenders (D)
  A queen bee (D)
  4 orc high priests (D)
  8 blink frogs (D)
  3 snapping turtles (D)
  A slime creature (D)
  3 redbacks (D)
  2 spriggans (D)
  A shadow (D)
  A spatial vortex (D)
  A swamp drake (D)
  A necrophage (D)
  2 centaurs (D)
  2 brain worms (D)
  An earth elemental (D)
  A water elemental (D)
  A scorpion (D)
  An electric eel (D)
  32 killer bees (D)
  A wizard (D)
  A jelly (D)
  Jessica (D)
  A necromancer (D)
  A kobold demonologist (D)
  3 humans (D)
  An ooze (D)
  A rat (D)
  3 ballistomycetes (D)
  4 plants (D)
134 creatures vanquished.

Vanquished Creatures (others)
  2 draconian scorchers (D)
  A yaktaur (D)
  2 fungi (D)
  3 giant spores (D)
  A plant (D)
  12 tentacles (D)
  69 tentacle segments (D)
90 creatures vanquished.

Grand Total: 224 creatures vanquished

Notes
Turn   | Place    | Note
--------------------------------------------------------------
     0 | D        | Kidiri the Spriggan Enchanter began the quest for the Orb.
     0 | D        | Reached XP level 1. HP: 9/9 MP: 5/5
    10 | D        | Reached skill level 5 in Stealth
    71 | D        | Killed a yaktaur
   208 | D        | Killed a white draconian scorcher
   209 | D        | Noticed Jessica
   221 | D        | Killed Jessica
   221 | D        | Reached skill level 5 in Dodging
   221 | D        | Reached skill level 6 in Stealth
   221 | D        | Reached XP level 2. HP: 13/13 MP: 6/8
   221 | D        | Reached XP level 3. HP: 16/16 MP: 6/9
   231 | D        | Learned a level 2 spell: Ensorcelled Hibernation
   235 | D        | Learned a level 3 spell: Confuse
   239 | D        | Learned a level 3 spell: Tukima's Dance
   272 | D        | Noticed a scorpion
   279 | D        | Killed a scorpion
   279 | D        | Reached skill level 7 in Stealth
   279 | D        | Reached skill level 5 in Spellcasting
   279 | D        | Reached skill level 5 in Hexes
   279 | D        | Reached skill level 1 in Ice Magic
   279 | D        | Reached XP level 4. HP: 21/21 MP: 10/12
   286 | D        | Learned a level 3 spell: Dazzling Spray
   303 | D        | Gained mutation: You possess an exceptional clarity of mind. [potion of mutation]
   303 | D        | Gained mutation: You are frail (-10% HP). [potion of mutation]
   303 | D        | Gained mutation: You have sharp toenails. [potion of mutation]
   304 | D        | Gained mutation: You have very sharp teeth. [potion of mutation]
   304 | D        | Gained mutation: Your body sometimes deteriorates upon taking damage. [potion of mutation]
   304 | D        | Gained mutation: You are agile. (Dex +2) [potion of mutation]
   321 | D        | Killed a white draconian scorcher
   333 | D        | Noticed a water elemental
   335 | D        | Killed a water elemental
   335 | D        | Reached skill level 8 in Stealth
   335 | D        | Reached skill level 1 in Conjurations
   335 | D        | Reached XP level 5. HP: 21/21 MP: 13/15
   345 | D        | Noticed a jelly
   346 | D        | Noticed a shadow
   431 | D        | Killed a shadow
   431 | D        | Reached skill level 9 in Dodging
   431 | D        | Reached skill level 10 in Stealth
   431 | D        | Reached XP level 6. HP: 11/25 MP: 12/17
   495 | D        | Killed a jelly
   619 | D        | Found a stormy altar of Qazlal.
   620 | D        | Noticed a spatial vortex
   620 | D        | Found a sacrificial altar of Ru.
   620 | D        | Found a burning altar of Makhleb.
   620 | D        | Found a viscous altar of Jiyva.
   620 | D        | Found a shimmering altar of Xom.
   620 | D        | Found a shadowy altar of Dithmenos.
   620 | D        | Found a sparkling altar of Nemelex Xobeh.
   620 | D        | Found a corrupted altar of Lugonu.
   620 | D        | Found an opulent altar of Gozag.
   624 | D        | Became a worshipper of Dithmenos the Shadowed
   641 | D        | Killed a spatial vortex
   641 | D        | Reached skill level 5 in Short Blades
   641 | D        | Reached skill level 10 in Dodging
   641 | D        | Reached skill level 11 in Stealth
   641 | D        | Reached skill level 1 in Invocations
   758 | D        | Found a radiant altar of Vehumet.
   759 | D        | Found a deep blue altar of Sif Muna.
   759 | D        | Found an ancient bone altar of Kikubaaqudgha.
   759 | D        | Noticed a wizard
   765 | D        | Killed a wizard
   781 | D        | Learned a level 6 spell: Poison Arrow
   807 | D        | Found a glowing silver altar of Zin.
   808 | D        | Found a glowing golden altar of the Shining One.
   808 | D        | Found a white marble altar of Elyvilon.
   808 | D        | Noticed a deep elf priest
   810 | D        | Killed a deep elf priest
   810 | D        | Reached skill level 1 in Poison Magic
   810 | D        | Reached XP level 7. HP: 28/28 MP: 18/20
   825 | D        | Found an iron altar of Okawaru.
   826 | D        | Found a bloodstained altar of Trog.
   826 | D        | Noticed a human
   826 | D        | Noticed a human
   828 | D        | Killed a human
   828 | D        | Reached skill level 12 in Stealth
   829 | D        | Killed a human
   842 | D        | Found a basalt altar of Yredelemnul.
   842 | D        | Found a snail-covered altar of Cheibriados.
   842 | D        | Found a blossoming altar of Fedhas.
   842 | D        | Noticed a necrophage
   842 | D        | Noticed a necromancer
   844 | D        | Killed a necrophage
   844 | D        | Acquired Dithmenos's first power
   844 | D        | Reached XP level 8. HP: 32/32 MP: 22/22
   845 | D        | Killed a necromancer
   861 | D        | Learned a level 8 spell: Chain Lightning
   942 | D        | Noticed Josephine
   948 | D        | Killed Josephine
   948 | D        | Reached skill level 13 in Stealth
   948 | D        | Reached skill level 10 in Spellcasting
  1147 | D        | Noticed an earth elemental
  1150 | D        | Killed an earth elemental
  1155 | D        | Noticed a centaur
  1155 | D        | Noticed a centaur warrior
  1155 | D        | Noticed a centaur
  1157 | D        | Killed a centaur
  1157 | D        | Reached XP level 9. HP: 35/35 MP: 24/24
  1164 | D        | Killed a centaur warrior
  1164 | D        | Acquired Dithmenos's second power
  1164 | D        | Reached skill level 14 in Stealth
  1164 | D        | Reached skill level 5 in Ice Magic
  1165 | D        | Killed a centaur
  1279 | D        | Noticed an unseen horror
  1286 | D        | Killed an unseen horror
  1286 | D        | Reached skill level 5 in Invocations
  1300 | D        | Noticed a killer bee
  1300 | D        | Noticed a killer bee
  1300 | D        | Noticed a killer bee
  1300 | D        | Noticed a killer bee
  1300 | D        | Noticed a killer bee
  1300 | D        | Noticed a killer bee
  1300 | D        | Noticed a killer bee
  1300 | D        | Noticed a queen bee
  1300 | D        | Noticed a killer bee
  1300 | D        | Noticed a killer bee
  1300 | D        | Noticed a killer bee
  1300 | D        | Noticed a killer bee
  1300 | D        | Noticed a killer bee
  1300 | D        | Noticed a killer bee
  1300 | D        | Noticed a killer bee
  1301 | D        | Noticed a killer bee
  1301 | D        | Noticed a killer bee
  1301 | D        | Noticed a killer bee
  1301 | D        | Noticed a killer bee
  1301 | D        | Noticed a killer bee
  1301 | D        | Noticed a killer bee
  1301 | D        | Noticed a killer bee
  1301 | D        | Noticed a killer bee
  1301 | D        | Noticed a killer bee
  1301 | D        | Noticed a killer bee
  1301 | D        | Noticed a killer bee
  1301 | D        | Noticed a killer bee
  1301 | D        | Noticed a killer bee
  1301 | D        | Noticed a killer bee
  1301 | D        | Noticed a killer bee
  1301 | D        | Noticed a killer bee
  1301 | D        | Noticed a killer bee
  1301 | D        | Noticed a killer bee
  1309 | D        | Killed a killer bee
  1313 | D        | Killed a killer bee
  1315 | D        | Killed a killer bee
  1315 | D        | Acquired Dithmenos's third power
  1317 | D        | Killed a killer bee
  1321 | D        | Killed a killer bee
  1456 | D        | Killed a killer bee
  1456 | D        | Reached skill level 15 in Stealth
  1461 | D        | Killed a queen bee
  1463 | D        | Killed a killer bee
  1463 | D        | Reached skill level 5 in Poison Magic
  1465 | D        | Killed a killer bee
  1469 | D        | Killed a killer bee
  1471 | D        | Killed a killer bee
  1471 | D        | Acquired Dithmenos's fourth power
  1471 | D        | Reached XP level 10. HP: 30/39 MP: 11/26
  1473 | D        | Killed a killer bee
  1475 | D        | Killed a killer bee
  1477 | D        | Killed a killer bee
  1481 | D        | Killed a killer bee
  1614 | D        | Killed a killer bee
  1617 | D        | Killed a killer bee
  1620 | D        | Killed a killer bee
  1622 | D        | Killed a killer bee
  1624 | D        | Killed a killer bee
  1626 | D        | Killed a killer bee
  1630 | D        | Killed a killer bee
  1632 | D        | Killed a killer bee
  1634 | D        | Killed a killer bee
  1636 | D        | Killed a killer bee
  1638 | D        | Killed a killer bee
  1640 | D        | Killed a killer bee
  1642 | D        | Killed a killer bee
  1778 | D        | Killed a killer bee
  1781 | D        | Killed a killer bee
  1783 | D        | Killed a killer bee
  1784 | D        | Killed a killer bee
  1801 | D        | Killed a killer bee
  1936 | D        | Noticed Dowan
  1936 | D        | Noticed Duvessa
  1940 | D        | Noticed a wandering mushroom
  1944 | D        | Noticed a wandering mushroom
  1946 | D        | Noticed a wandering mushroom
  1947 | D        | Killed a wandering mushroom
  1947 | D        | Reached skill level 5 in Conjurations
  1952 | D        | Killed a wandering mushroom
  1958 | D        | Killed a wandering mushroom
  1958 | D        | Reached skill level 16 in Stealth
  1959 | D        | Noticed a spiny frog
  1959 | D        | Noticed a komodo dragon
  1959 | D        | Noticed a spiny frog
  1963 | D        | Killed a spiny frog
  1966 | D        | Killed a komodo dragon
  1966 | D        | Reached skill level 10 in Hexes
  1969 | D        | Killed a spiny frog
  1969 | D        | Reached skill level 5 in Air Magic
  1981 | D        | Learned a level 8 spell: Lehudib's Crystal Spear
  2003 | D        | Noticed a redback
  2005 | D        | Killed a redback
  2006 | D        | Noticed a brain worm
  2009 | D        | Killed a brain worm
  2015 | D        | Noticed a brain worm
  2018 | D        | Killed a brain worm
  2021 | D        | Noticed a lindwurm
  2023 | D        | Noticed a redback
  2024 | D        | Killed a lindwurm
  2024 | D        | Reached skill level 15 in Dodging
  2024 | D        | Reached skill level 1 in Earth Magic
  2026 | D        | Killed a redback
  2030 | D        | Noticed a redback
  2031 | D        | Killed a redback
  2032 | D        | Noticed Maud
  2034 | D        | Killed Maud
  2034 | D        | Reached skill level 17 in Stealth
  2034 | D        | Reached XP level 11. HP: 42/42 MP: 29/29
  2038 | D        | Noticed an electric eel
  2039 | D        | Noticed a six-headed hydra
  2039 | D        | Noticed a seven-headed hydra
  2042 | D        | Killed an electric eel
  2044 | D        | Killed a six-headed hydra
  2045 | D        | Killed a seven-headed hydra
  2057 | D        | Noticed a death drake
  2060 | D        | Killed a death drake
  2070 | D        | Found a blossoming altar of Fedhas.
  2070 | D        | Noticed a spriggan
  2070 | D        | Noticed a spriggan druid
  2070 | D        | Noticed a spriggan
  2073 | D        | Killed a spriggan druid
  2074 | D        | Killed a spriggan
  2075 | D        | Killed a spriggan
  2128 | D        | Noticed a death drake
  2130 | D        | Killed a death drake
  2130 | D        | Reached skill level 18 in Stealth
  2134 | D        | Noticed a death drake
  2135 | D        | Found Wilesk's Magic Scroll Emporium.
  2136 | D        | Killed a death drake
  2137 | D        | Found Micoteq's Antique Weapon Shop.
  2138 | D        | Found Bunuh's Gadget Shoppe.
  2186 | D        | Noticed a swamp drake
  2186 | D        | Noticed a fire drake
  2187 | D        | Killed a fire drake
  2189 | D        | Killed a swamp drake
  2204 | D        | Noticed a blink frog
  2204 | D        | Noticed a blink frog
  2205 | D        | Noticed a blink frog
  2205 | D        | Noticed a blink frog
  2207 | D        | Noticed a blink frog
  2209 | D        | Killed a blink frog
  2212 | D        | Killed a blink frog
  2217 | D        | Killed a blink frog
  2221 | D        | Killed a blink frog
  2224 | D        | Killed a blink frog
  2305 | D        | Noticed Rupert
  2307 | D        | Killed Rupert
  2307 | D        | Reached skill level 10 in Short Blades
  2307 | D        | Reached skill level 19 in Stealth
  2307 | D        | Reached skill level 15 in Spellcasting
  2307 | D        | Reached XP level 12. HP: 45/45 MP: 26/32
  2338 | D        | Noticed a death yak
  2339 | D        | Noticed a death yak
  2339 | D        | Noticed a blink frog
  2340 | D        | Noticed an azure jelly
  2340 | D        | Noticed a death yak
  2340 | D        | Noticed an azure jelly
  2340 | D        | Noticed a blink frog
  2340 | D        | Noticed a death yak
  2341 | D        | Killed a death yak
  2342 | D        | Killed a blink frog
  2343 | D        | Killed a death yak
  2344 | D        | Noticed a blink frog
  2344 | D        | Noticed a black mamba
  2345 | D        | Killed a death yak
  2347 | D        | Killed a blink frog
  2348 | D        | Noticed a black mamba
  2349 | D        | Killed a blink frog
  2350 | D        | Killed a death yak
  2353 | D        | Killed a black mamba
  2354 | D        | Killed a black mamba
  2364 | D        | Noticed an azure jelly
  2364 | D        | Noticed an azure jelly
  2391 | D        | Noticed a kraken
  2394 | D        | Noticed a snapping turtle
  2857 | D        | Noticed a snapping turtle
  2868 | D        | Killed a snapping turtle
  2888 | D        | Killed a kraken
  2888 | D        | Reached skill level 5 in Earth Magic
  2992 | D        | Killed a snapping turtle
  2992 | D        | Reached skill level 20 in Stealth
  3062 | D        | Noticed an alligator snapping turtle
  3062 | D        | Noticed an alligator snapping turtle
  3063 | D        | Noticed a snapping turtle
  3063 | D        | Noticed an alligator snapping turtle
  3063 | D        | Found Nuzxaur's Book Shop.
  3063 | D        | Found Baptu's Antique Weapon Boutique.
  3063 | D        | Found Aduet's Distillery.
  3064 | D        | Killed an alligator snapping turtle
  3066 | D        | Killed an alligator snapping turtle
  3084 | D        | Killed an alligator snapping turtle
  3087 | D        | Killed a snapping turtle
  3093 | D        | Got a barnacled rune of Zot
  3146 | D        | Noticed an elephant
  3146 | D        | Noticed an elephant
  3146 | D        | Noticed a dire elephant
  3146 | D        | Noticed a dire elephant
  3146 | D        | Noticed Gastronok
  3148 | D        | Killed Gastronok
  3149 | D        | Killed a dire elephant
  3151 | D        | Killed a dire elephant
  3151 | D        | Reached XP level 13. HP: 49/49 MP: 27/34
  3160 | D        | Killed an elephant
  3163 | D        | Killed an elephant
  3191 | D        | Learned a level 9 spell: Glaciate
  3504 | D        | Killed Dowan
  3514 | D        | Killed Duvessa
  3514 | D        | Reached skill level 21 in Stealth
  3542 | D        | Noticed an orc high priest
  3542 | D        | Noticed an orc high priest
  3543 | D        | Noticed an orc high priest
  3543 | D        | Noticed an orc high priest
  3544 | D        | Killed an orc high priest
  3552 | D        | Killed an orc high priest
  3554 | D        | Killed an orc high priest
  3558 | D        | Killed an orc high priest
  3627 | D        | Noticed a spriggan defender
  3628 | D        | Noticed a spriggan defender
  3628 | D        | Noticed a spriggan defender
  3628 | D        | Noticed a spriggan defender
  3629 | D        | Killed a spriggan defender
  3630 | D        | Killed a spriggan defender
  3632 | D        | Killed a spriggan defender
  3633 | D        | Killed a spriggan defender
  3750 | D        | Noticed a slime creature
  3752 | D        | Killed a slime creature
  3765 | D        | Noticed a fire dragon
  3768 | D        | Killed a fire dragon
  3779 | D        | Noticed a centaur warrior
  3783 | D        | Killed a centaur warrior
  3791 | D        | Noticed a cyan ugly thing
  3794 | D        | Killed a cyan ugly thing
  3808 | D        | Noticed a brown ugly thing
  3811 | D        | Killed a brown ugly thing
  3814 | D        | Identified the Grimoire of Companions and Conjuration
  3830 | D        | Noticed a vampiric glaive
  3830 | D        | Noticed a halberd of protection
  3831 | D        | Noticed a long sword of holy wrath
  3832 | D        | Noticed a battleaxe of flaming
  3833 | D        | Killed a long sword of holy wrath
  3835 | D        | Killed a battleaxe of flaming
  3838 | D        | Killed a halberd of protection
  3840 | D        | Killed a vampiric glaive
  3873 | D        | Noticed a yaktaur captain
  3873 | D        | Noticed a green ugly thing
  3874 | D        | Noticed a slime creature
  3874 | D        | Noticed a swamp dragon
  3874 | D        | Noticed a slime creature
  3874 | D        | Noticed an anaconda
  3874 | D        | Noticed a guardian serpent
  3875 | D        | Killed a green ugly thing
  3877 | D        | Killed a swamp dragon
  3878 | D        | Paralysed by something for 7 turns
  3893 | D        | Shot with a bolt by a yaktaur captain

Vault maps used:
D:        dungeon_sprint_mu

Action                   |  1- 3 |  4- 6 |  7- 9 | 10-12 | 13-15 || total
-------------------------+-------+-------+-------+-------+-------++-------
Melee: Dagger            |    19 |    24 |    28 |   115 |   321 ||   507
       Rapier            |       |       |       |       |     2 ||     2
 Cast: Dazzling Spray    |       |    15 |     5 |    24 |     5 ||    49
       Ensorcelled Hiber |       |     1 |    22 |    35 |     2 ||    60
       Confuse           |       |       |     3 |     6 |     1 ||    10
Invok: Shadow Step       |       |       |       |     8 |     4 ||    12
  Use: Scroll            |       |     4 |       |     1 |     2 ||     7
       Potion            |       |     4 |       |       |     1 ||     5
 Stab: Sleeping          |     2 |     3 |    20 |    63 |    17 ||   105
       Invisible         |       |     1 |     1 |     4 |     8 ||    14
       Confused          |       |       |       |     1 |     4 ||     5
  Eat: Bread ration      |       |       |       |     1 |       ||     1
